 Dungeon Crawl Stone Soup version 0.19.5 (webtiles) character file.

3555 McKennaii the Thaumaturge (level 9, 0/54 HPs)
             Began as a High Elf Air Elementalist on Apr 20, 2017.
             Was a Believer of Sif Muna.
             Hit by a javelin of returning thrown by a centaur (10 damage)
             ... in a bailey.
             The game lasted 00:33:01 (7412 turns).

McKennaii the Thaumaturge (HEAE)                    Turns: 7412, Time: 00:33:01

Health: 0/54       AC:  2    Str:  7    XL:     9   Next: 83%
Magic:  30/32      EV: 13    Int: 26    God:    Sif Muna [**....]
Gold:   473        SH:  0    Dex: 18    Spells: 5 memorised, 15 levels left

rFire  . . .     SeeInvis .     h - +0 falchion
rCold  . . .     Gourm    .     m - -2 leather armour (curse)
rNeg   . . .     Faith    .     (no shield)
rPois  .         Spirit   .     (no helmet)
rElec  .         Reflect  .     (no cloak)
rCorr  .         Harm     .     E - +0 pair of gloves
MR     .....                    (no boots)
Stlth  ++........               e - amulet of regeneration
                                A - ring of magical power
                                f - +5 ring of intelligence

@: repel missiles
A: no striking features
a: Divine Energy, Renounce Religion


You were in a bailey.
You worshipped Sif Muna.
Sif Muna was pleased with you.
You were not hungry.

You visited 2 branches of the dungeon, and saw 9 of its levels.
You also visited: Bailey.

You collected 473 gold pieces.

Inventory:

Hand Weapons
 h - a +0 falchion (weapon)
Armour
 a - a +1 robe
 m - a cursed -2 leather armour (worn)
 E - a +0 pair of gloves (worn)
Jewellery
 e - an amulet of regeneration (around neck)
 f - a +5 ring of intelligence (left hand)
 y - an uncursed ring of flight {unknown}
 A - a ring of magical power (right hand)
 I - an uncursed amulet of the gourmand {unknown}
Wands
 p - a wand of iceblast (15/15)
 D - a wand of random effects (23/48)
 J - a wand of flame (20/48)
Scrolls
 d - a scroll of random uselessness
 k - 2 scrolls of magic mapping
 l - 6 scrolls of identify
 s - 2 scrolls of enchant armour
 t - a scroll of recharging
 x - 2 scrolls of immolation
 B - 2 scrolls of blinking {unknown}
Potions
 g - 2 potions of brilliance {unknown}
 i - 3 potions of resistance
 j - a potion of heal wounds {unknown}
 n - a potion of lignification {unknown}
 o - a potion of haste {unknown}
 q - 2 potions of might {unknown}
 u - 2 potions of curing {unknown}
 v - 3 potions of flight {unknown}
 w - a potion of mutation {unknown}
 z - a potion of degeneration {unknown}
 H - a potion of invisibility {unknown}
Books
 b - a book of Air

   Spells                             Type                      Level
   a - Shock                          Conjuration/Air              1
   b - Swiftness                      Charms/Air                   2
   c - Repel Missiles                 Charms/Air                   2
   d - Static Discharge               Conjuration/Air              3
   e - Lightning Bolt                 Conjuration/Air              5
 C - a book of Minor Magic

   Spells                             Type                      Level
   a - Magic Dart                     Conjuration                  1
   b - Blink                          Translocation                2
   c - Call Imp                       Summoning                    2
   d - Repel Missiles                 Charms/Air                   2
   e - Slow                           Hexes                        2
   f - Conjure Flame                  Conjuration/Fire             3
   g - Mephitic Cloud                 Conjuration/Poison/Air       3
 F - a book of Cantrips

   Spells                             Type                      Level
   a - Confusing Touch                Hexes                        1
   b - Animate Skeleton               Necromancy                   1
   c - Summon Small Mammal            Summoning                    1
   d - Apportation                    Translocation                1
Comestibles
 c - 6 bread rations
 r - 5 meat rations


   Skills:
 + Level 1.6 Fighting
 + Level 2.0 Long Blades
 + Level 2.0 Armour
 + Level 3.9 Dodging
 + Level 3.4 Stealth
 - Level 0.1 Unarmed Combat
 + Level 9.7 Spellcasting
 + Level 7.6 Conjurations
 + Level 1.2 Summonings
 + Level 8.8 Air Magic


You had 15 spell levels left.
You knew the following spells:

 Your Spells              Type           Power        Failure   Level  Hunger
a - Shock                 Conj/Air       ####         1%          1    None
b - Swiftness             Chrm/Air       #####...     1%          2    None
c - Repel Missiles        Chrm/Air       #####.       1%          2    None
d - Lightning Bolt        Conj/Air       ######....   10%         5    ####...
e - Call Imp              Summ           ###.....     8%          2    None


Dungeon Overview and Level Annotations

Branches:
Dungeon (8/15)             Temple (1/1) D:7            Lair (0/6) D:8

Altars:
Ashenzari
Cheibriados
Elyvilon
Fedhas
Gozag
Hepliaklqana
Kikubaaqudgha
Makhleb
Nemelex Xobeh
Okawaru
Qazlal
Ru
Sif Muna
Trog
Uskayaw
Vehumet
Xom
Zin

Annotations:
D:7 Dadi's ghost, novice GrFi


Message History

Casting: Shock
Confirm with . or Enter, or press ? or * to list all spells.
Aiming: Shock
Press: ? - help, Shift-Dir - straight line, f - centaur
Aim: a centaur, wielding a halberd and wearing a scale mail The zap hits the centaur.
The centaur is lightly wounded.
The centaur closely misses you.
Casting: Shock
Confirm with . or Enter, or press ? or * to list all spells.
Aiming: Shock
Press: ? - help, Shift-Dir - straight line, f/p - centaur
Aim: a centaur, wielding a halberd and wearing a scale mail (lightly wounded)
The zap hits the centaur.
The centaur is moderately wounded.
The centaur hits you from afar with a halberd!
* * * LOW HITPOINT WARNING * * *
The centaur throws a javelin of returning.
The javelin of returning hits you!
You die...

.....≈≈≈.≈≈≈....
.....≈≈≈.≈≈≈.....≈
.....≈≈≈≈≈≈≈.....≈
≈....≈≈≈≈≈≈≈....≈≈
≈.....≈≈≈≈≈.....≈.
≈≈.⌠..≈≈≈≈≈..).≈≈.
)≈.....≈≈≈.....≈.≈
.≈≈≈.........≈≈≈.≈
≈).≈≈≈).(@.≈≈≈.)≈≈
≈≈≈.c≈#(.(#≈c.≈≈≈≈
≈≈≈≈≈.#...#.≈≈≈≈≈≈ ≈≈≈≈≈
#...#≈≈≈≈≈≈≈ ≈≈≈≈≈
#...#≈≈≈≈≈≈≈
#########'''#########
##...................##
##.....................##
##......)⌠#######)..)....##


You could see 2 centaurs.

Vanquished Creatures
  The ghost of Lichfox the Scholar of Death, a novice HuNe of Kikubaaqudgha (Bailey)
  A hippogriff (D:7)
  Sigmund (D:6)
  Menkaure (D:6)
  9 orc warriors (Bailey)
  2 ice beasts
  A phantom (D:4)
  An ogre (D:5)
  4 centaurs (Bailey)
  Blork the orc (D:6)
  A bullfrog (D:6)
  A wyvern zombie (D:6)
  4 killer bees
  A scorpion (D:7)
  3 crimson imps
  A hound (D:5)
  A jelly (D:6)
  2 orc wizards (D:6)
  A bullfrog skeleton (D:7)
  An iguana (D:6)
  Terence (D:2)
  3 worker ants
  A hound skeleton (D:5)
  13 gnolls
  7 adders
  2 river rats (D:4)
  2 shadow imps
  2 oozes
  2 worms
  3 dart slugs
  4 leopard geckos
  32 orcs
  9 giant cockroaches
  12 goblins
  12 hobgoblins
  13 jackals
  7 kobolds
  3 quokkas
  2 ball pythons
  10 bats
  8 frilled lizards
  A quokka zombie (D:6)
  12 rats
199 creatures vanquished.

Vanquished Creatures (others)
  6 plants (D:8)
6 creatures vanquished.

Grand Total: 205 creatures vanquished

Notes
Turn   | Place    | Note
-------+----------+-------------------------------------------
     0 | D:1      | McKennaii the High Elf Air Elementalist began the quest for the Orb.
     0 | D:1      | Reached XP level 1. HP: 11/11 MP: 4/4
   215 | D:1      | Reached XP level 2. HP: 11/17 MP: 0/6
   383 | D:1      | Learned a level 2 spell: Swiftness
   386 | D:1      | Learned a level 2 spell: Repel Missiles
   550 | D:1      | Reached XP level 3. HP: 21/21 MP: 0/8
   721 | D:1      | Reached skill level 3 in Spellcasting
  1016 | D:2      | Found a blossoming altar of Fedhas.
  1180 | D:2      | Reached XP level 4. HP: 16/27 MP: 2/10
  1310 | D:2      | Found a faded altar of an unknown god.
  1552 | D:2      | Noticed Terence
  1571 | D:2      | Killed Terence
  1571 | D:2      | Reached XP level 5. HP: 23/31 MP: 1/11
  1775 | D:3      | Reached skill level 4 in Spellcasting
  2537 | D:4      | Noticed a phantom
  2577 | D:4      | Killed a phantom
  2577 | D:4      | Reached skill level 5 in Air Magic
  2577 | D:4      | Reached XP level 6. HP: 36/37 MP: 0/14
  3377 | D:5      | Entered Level 5 of the Dungeon
  3455 | D:5      | Found a sparkling altar of Nemelex Xobeh.
  3524 | D:5      | Reached skill level 5 in Spellcasting
  3534 | D:5      | Reached XP level 7. HP: 38/42 MP: 5/15
  3560 | D:5      | Learned a level 5 spell: Lightning Bolt
  3909 | D:6      | Reached skill level 5 in Conjurations
  3964 | D:6      | Noticed Sigmund
  4108 | D:6      | Noticed Blork the orc
  4124 | D:6      | Killed Blork the orc
  4124 | D:6      | Reached skill level 6 in Spellcasting
  4156 | D:6      | Noticed Menkaure
  4375 | D:6      | Found a white marble altar of Elyvilon.
  4580 | D:6      | Killed Sigmund
  4580 | D:6      | Reached XP level 8. HP: 35/47 MP: 18/18
  4643 | D:6      | Reached skill level 1 in Fighting
  4677 | D:6      | Killed Menkaure
  4677 | D:6      | Reached skill level 7 in Spellcasting
  4881 | D:7      | Noticed Dadi's ghost (novice GrFi)
  5025 | D:7      | Reached skill level 1 in Long Blades
  5165 | D:7      | Found a staircase to the Ecumenical Temple.
  5177 | Temple   | Entered the Ecumenical Temple
  5216 | Temple   | Became a worshipper of Sif Muna the Loreminder
  5338 | D:7      | Reached skill level 1 in Armour
  5445 | D:7      | Noticed a hippogriff
  5465 | D:7      | Killed a hippogriff
  5992 | D:8      | Found a staircase to the Lair.
  5993 | D:8      | Noticed a komodo dragon
  6049 | D:8      | Reached XP level 9. HP: 54/54 MP: 19/21
  6145 | D:8      | Found a flagged portal.
  6186 | Bailey   | Entered a bailey
  6192 | Bailey   | Reached skill level 8 in Spellcasting
  6526 | Bailey   | Reached * piety under Sif Muna
  6748 | Bailey   | Noticed Lichfox's ghost (novice HuNe)
  6805 | Bailey   | Learned a level 2 spell: Call Imp
  7035 | Bailey   | Killed Lichfox's ghost
  7035 | Bailey   | Reached ** piety under Sif Muna
  7035 | Bailey   | Reached skill level 9 in Spellcasting
  7200 | Bailey   | Reached skill level 1 in Summonings
  7412 | Bailey   | Hit by a javelin of returning thrown by a centaur

Skill      XL: |  1  2  3  4  5  6  7  8  9 |
---------------+----------------------------+-----
Air Magic      | 4 5 6 7 8 |  8.8
Spellcasting   | 3 4 5 6 7 9 |  9.7
Conjurations   | 2 3 4 5 6 7 |  7.6
Dodging        | 3 |  3.9
Stealth        | 3 |  3.4
Fighting       | 1 |  1.6
Long Blades    | 2 |  2.0
Armour         | 1 2 |  2.0
Summonings     | 1 |  1.2
Unarmed Combat | |  0.1

Action                   |  1- 3 |  4- 6 |  7- 9 || total
-------------------------+-------+-------+-------++-------
Melee: Unarmed           |    23 |     7 |       ||    30
       Falchion          |       |       |     6 ||     6
 Cast: Shock             |    90 |   165 |   328 ||   583
       Repel Missiles    |     1 |       |     5 ||     6
       Lightning Bolt    |       |       |    19 ||    19
       Call Imp          |       |       |    11 ||    11
  Use: Scroll            |       |       |    11 ||    11
  Eat: Royal jelly       |       |     1 |       ||     1
       Meat ration       |       |     1 |     2 ||     3
       Fruit             |       |     2 |     1 ||     3
       Pizza             |       |     1 |       ||     1
       Bread ration      |       |       |     1 ||     1
Armor: Robe              |     7 |     2 |     1 ||    10
       Leather armour    |       |       |     8 ||     8
Dodge: Dodged            |    27 |    38 |    85 ||   150
       Deflected         |     1 |     1 |    17 ||    19
       Rpst.: Falchion   |       |       |    21 ||    21
